 Dungeon Crawl Stone Soup version 0.23.2-40-g277498a001 (webtiles) character file.

Game seed: 16204682660431227181

3969 Emblim88 the Grappler (level 10, -10/91 HPs)
             Began as a Troll Berserker on Oct 8, 2019.
             Was a High Priest of Trog.
             Mangled by a troll (14 damage)
             ... on level 9 of the Dungeon.
             The game lasted 00:16:34 (5933 turns).

Emblim88 the Grappler (Troll Berserker)             Turns: 5933, Time: 00:16:35

Health: -10/91     AC:  8    Str: 30    XL:     10   Next: 2%
Magic:  9/9        EV:  9    Int:  3    God:    Trog [*****.]
Gold:   339        SH:  8    Dex:  9    Spells: 9/9 levels left

rFire    . . .     SeeInvis .     - Unarmed
rCold    . . .     Gourm    +   G - +0 shield
rNeg     . . .     Faith    .   a - +1 animal skin
rPois    .         Spirit   .   (helmet restricted)
rElec    .         Reflect  .   D - +0 cloak
rCorr    .         Harm     .   (gloves unavailable)
MR       +....                  (boots unavailable)
Stlth    +.........             (no amulet)
HPRegen  0.65/turn              p - +3 ring of slaying
MPRegen  0.11/turn              y - ring of protection from magic

@: berserk cooldown, slowed, very slow
A: large, unfitting armour, claws 3, fast metabolism 3, gourmand, regeneration
1, shaggy fur 1, tough skin 3
a: Berserk, Trog's Hand, Brothers in Arms, Renounce Religion


You were on level 9 of the Dungeon.
You worshipped Trog.
Trog was extremely pleased with you.
You were not hungry.

You visited 1 branch of the dungeon, and saw 9 of its levels.
You also visited: Sewer and Ossuary.

You collected 339 gold pieces.

Inventory:

Hand Weapons
 t - a +3 flail of holy wrath
Missiles
 j - 33 poisoned needles
 E - 6 tomahawks (quivered)
 I - a throwing net
Armour
 a - a +1 animal skin (worn)
 D - a +0 cloak (worn)
 G - a +0 shield (worn)
 H - the +0 Maxwell's etheric cage {RegenMP+ *Contam rElec MP+4}
   (You found it on level 8 of the Dungeon)

   It insulates you from electricity.
   It affects your magic capacity (+4).
   It causes magical contamination when unequipped.
Jewellery
 e - an uncursed ring of see invisible
 p - a +3 ring of slaying (left claw)
 v - a +2 ring of dexterity
 y - a ring of protection from magic (right claw)
 A - an uncursed ring of protection from cold
Scrolls
 c - 3 scrolls of blinking
 d - 4 scrolls of identify
 g - 4 scrolls of remove curse
 i - a scroll of enchant armour
 l - a scroll of enchant weapon
 o - 2 scrolls of fear
 r - 4 scrolls of teleportation
 u - a scroll of random uselessness
 w - a scroll of fog
 x - a scroll of amnesia
 B - a scroll of silence
 F - a scroll of vulnerability {unknown}
Potions
 f - 3 potions of degeneration
 h - a potion of resistance
 k - a potion of heal wounds
 m - 2 potions of invisibility
 n - 2 potions of lignification
 q - 6 potions of curing
 s - a potion of might
 z - a potion of mutation
 C - a potion of flight {unknown}
Comestibles
 b - 9 rations
 J - a chunk of flesh


   Skills:
 + Level 3.2 Fighting
 + Level 4.6 Dodging
 - Level 1.3 Stealth
 + Level 1.2 Shields
 * Level 12.9 Unarmed Combat


You had 9 spell levels left.
You didn't know any spells.
Your spell library was empty.

Dungeon Overview and Level Annotations

Branches:
Dungeon (9/15)             Temple (0/1) D:5
   Lair: D:8-11         Orc: D:9-12

Altars:
Dithmenos
Fedhas
Gozag
Okawaru
Vehumet
Xom

Shops:
D:4 *


Innate Abilities, Weirdness & Mutations

You are too large for most types of armour.
You have claws for hands.
Your metabolism is lightning-fast.
You like to eat raw meat.
Your natural rate of healing is unusually fast.
You are covered in fur. (AC +1)
You have extremely tough skin. (AC +3)


Message History

The bolt of electricity hits you.
The troll shouts!
The electric eel shoots out a bolt of lightning at you!
The bolt of electricity hits you! The troll bites you!
The troll barely misses you. The troll claws you.
The electric eel shoots out a bolt of lightning at you!
The bolt of electricity hits you! The troll bites you!
You block the troll's attack. x2
The electric eel shoots out a bolt of lightning at you!
The bolt of electricity hits you.
* * * LOW HITPOINT WARNING * * *
The electric eel shoots out a bolt of lightning at you!
The bolt of electricity hits you.
* * * LOW HITPOINT WARNING * * *
The troll bites you!
* * * LOW HITPOINT WARNING * * *
The troll claws you.
* * * LOW HITPOINT WARNING * * *
The troll claws you!
You die...

.≈≈≈≈.. ≈≈≈≈≈≈.
≈≈≈≈≈≈.
#########≈≈≈≈≈..
#........≈≈≈≈≈≈.
#........≈;≈≈≈.≈
#........≈≈≈.≈≈≈
#...........≈≈≈≈
#.....@T....≈≈≈≈
#..#)###....≈≈≈≈
#..#÷)(#...≈≈≈..
#..'...#.......≈
#..#...#........
#..#####........
#.........###+##
#.........#
#####.....#


You could see a troll and an electric eel.

Vanquished Creatures
  Joseph (D:8)
  Prince Ribbit (D:5)
  Grinder (D:4)
  Edmund (D:4)
  A water moccasin (D:6)
  3 ice beasts
  A sky beast (D:6)
  2 phantoms
  A black bear (D:7)
  An ogre (D:8)
  2 wolves (D:9)
  2 centaurs (D:9)
  A crocodile (Sewer)
  4 bullfrogs
  An elf zombie (Ossuary)
  3 scorpions
  3 howler monkeys
  2 crimson imps
  A centaur zombie (D:8)
  A quasit (D:5)
  3 human zombies (Ossuary)
  A jelly (D:7)
  10 hounds
  2 orc priests
  A bullfrog skeleton (D:9)
  5 orc wizards
  3 iguanas
  2 worker ants (D:5)
  3 big kobold zombies (Ossuary)
  2 hound zombies
  A hound skeleton (D:5)
  2 mummies (Ossuary)
  7 gnolls
  11 adders
  A shadow imp (D:5)
  An ooze (D:4)
  2 adder zombies (Ossuary)
  An adder skeleton (D:5)
  3 worms
  4 dart slugs
  3 leopard geckos
  29 orcs
  7 bats
  4 giant cockroaches
  4 goblins
  2 hobgoblins
  10 jackals
  2 quokkas (D:6)
  12 hobgoblin zombies (Ossuary)
  A jackal zombie (Ossuary)
  9 kobolds
  7 kobold zombies (Ossuary)
  7 orc zombies (Ossuary)
  8 rats
  A rat zombie (Ossuary)
204 creatures vanquished.

Notes
Turn   | Place    | Note
-------+----------+-------------------------------------------
     0 | D:1      | Emblim88 the Troll Berserker began the quest for the Orb.
     0 | D:1      | Reached XP level 1. HP: 22/22 MP: 0/0
   361 | D:1      | Reached XP level 2. HP: 29/29 MP: 1/1
   562 | D:2      | Reached XP level 3. HP: 33/36 MP: 2/2
   603 | D:2      | Reached skill level 4 in Unarmed Combat
   766 | D:2      | Found an iron altar of Okawaru.
   971 | D:2      | Reached XP level 4. HP: 44/44 MP: 3/3
  1184 | D:3      | Reached ** piety under Trog
  1271 | D:3      | Found a shadowy altar of Dithmenos.
  1531 | D:3      | Reached skill level 5 in Unarmed Combat
  1746 | D:4      | Noticed Edmund
  1752 | D:4      | Killed Edmund
  1752 | D:4      | Reached XP level 5. HP: 50/50 MP: 4/4
  1826 | D:4      | Noticed a phantom
  1827 | D:4      | Reached skill level 6 in Unarmed Combat
  1832 | D:4      | Reached XP level 6. HP: 38/59 MP: 5/5
  1969 | D:4      | You fall through a shaft for 2 floors!
  2065 | D:5      | Entered Level 5 of the Dungeon
  2100 | D:5      | Reached skill level 7 in Unarmed Combat
  2158 | D:5      | Found a glowing drain.
  2191 | Sewer    | Entered a sewer
  2250 | Sewer    | Reached XP level 7. HP: 66/66 MP: 6/6
  2565 | D:5      | Found a staircase to the Ecumenical Temple.
  2565 | D:5      | Noticed Prince Ribbit
  2568 | D:5      | Reached skill level 8 in Unarmed Combat
  2683 | D:4      | Reached *** piety under Trog
  2685 | D:4      | Noticed Grinder
  2694 | D:4      | Killed Grinder
  2700 | D:4      | Found an opulent altar of Gozag.
  2755 | D:4      | Reached XP level 8. HP: 74/74 MP: 7/7
  2798 | D:4      | Found Yrghup's Assorted Antiques.
  2798 | D:4      | Found Suxkoobu's Jewellery Shop.
  2881 | D:4      | Found a shimmering altar of Xom.
  2882 | D:4      | Found a radiant altar of Vehumet.
  3250 | D:5      | Killed Prince Ribbit
  3250 | D:5      | Reached skill level 9 in Unarmed Combat
  3404 | D:6      | Reached skill level 1 in Stealth
  3604 | D:6      | Reached skill level 10 in Unarmed Combat
  4315 | D:7      | Reached XP level 9. HP: 81/81 MP: 8/8
  4328 | D:7      | Reached skill level 11 in Unarmed Combat
  4822 | D:8      | Found a blossoming altar of Fedhas.
  4867 | D:8      | Reached **** piety under Trog
  5170 | D:8      | Found the +0 Maxwell's etheric cage {RegenMP+ *Contam rElec
                  | MP+4}
  5306 | D:8      | Found a sand-covered staircase.
  5311 | Ossuary  | Entered an ossuary
  5419 | Ossuary  | Reached ***** piety under Trog
  5488 | Ossuary  | Reached skill level 12 in Unarmed Combat
  5608 | D:8      | Noticed Joseph
  5619 | D:8      | Killed Joseph
  5899 | D:9      | Reached skill level 1 in Shields
  5919 | D:9      | Reached XP level 10. HP: 67/91 MP: 9/9
  5933 | D:9      | HP: 4/91 [troll (6)]
  5933 | D:9      | Mangled by a troll

Skill      XL: |  1  2  3  4  5  6  7  8  9 |
---------------+----------------------------+-----
Unarmed Combat | 4 5 6 7 8 10 12 | 12.9
Dodging        | 3 4 |  4.6
Fighting       | 3 |  3.2
Stealth        | 1 |  1.3
Shields        | 1 |  1.2

Action                   |  1- 3 |  4- 6 |  7- 9 | 10-12 || total
-------------------------+-------+-------+-------+-------++-------
Melee: Unarmed           |    77 |   115 |   292 |     2 ||   486
       Punch             |     2 |     1 |     5 |       ||     8
Invok: Berserk           |       |     1 |     6 |       ||     7
       Trog's Hand       |       |       |     3 |       ||     3
  Use: Scroll            |       |       |    13 |       ||    13
       Potion            |       |       |     5 |       ||     5
 Stab: Sleeping          |       |       |     1 |       ||     1
  Eat: Chunk             |     6 |    16 |    17 |       ||    39
       Ration            |       |       |     7 |       ||     7
Armor: Animal skin       |    29 |    41 |    63 |       ||   133
Dodge: Dodged            |    39 |    59 |    89 |     2 ||   189
Block: Shield            |       |       |    42 |     3 ||    45
